 Dungeon Crawl Stone Soup version 0.26.0-45-g9c1d065592 (webtiles) character file.

Game seed: 12687895384247021695

3287 trckry the Quickloader (level 10, -3/91 HPs)
             Began as a Tengu Hunter on Jan 28, 2021.
             Was a Believer of Okawaru.
             Slain by a hornet (4 damage)
             ... on level 8 of the Dungeon.
             The game lasted 00:19:08 (9149 turns).

trckry the Quickloader (Tengu Hunter)               Turns: 9149, Time: 00:19:08

Health: -3/91      AC: 25    Str: 17    XL:     10   Next: 1%
Magic:  13/14      EV:  2    Int: 11    God:    Okawaru [**....]
Gold:   404        SH:  0    Dex: 16    Spells: 9/9 levels left

rFire    . . .     SeeInvis .   b - +0 quarterstaff
rCold    . . .     Faith    .   (shield currently unavailable)
rNeg     + + +     Spirit   .   (armour currently unavailable)
rPois    +         Reflect  .   (helmet currently unavailable)
rElec    .         Harm     .   (cloak currently unavailable)
rCorr    .         Rampage  .   (gloves currently unavailable)
Will     .....     Clarity  +   (boots unavailable) Stlth +++.......NoTele +
                                (no amulet)
HPRegen  0.25/turn              (no ring)
MPRegen  0.14/turn              w - +4 ring of evasion

@: brilliant, tree-form, heroism, slowed, very slow
A: rugged brown scales 1, clarity, strong 1, able to fly
a: Renounce Religion, Heroism


You were on level 8 of the Dungeon.
You worshipped Okawaru.
Okawaru was pleased with you.
You were a tree.
You visited 2 branches of the dungeon, and saw 9 of its levels.

You collected 404 gold pieces.

Inventory:

Hand Weapons
 a - a +2 hand crossbow
 b - a +0 quarterstaff (weapon)
 t - a +2 mace of draining
Missiles
 d - 50 bolts
 h - 5 atropa-tipped darts
 r - 16 poisoned darts (quivered)
 y - a throwing net
Armour
 k - a +0 plate armour (melded)
 p - a +0 pair of gloves (melded)
 u - a scarf of invisibility (melded)
Jewellery
 w - a +4 ring of evasion (right branch)
Scrolls
 f - 6 scrolls of teleportation
 g - 2 scrolls of blinking
 l - a scroll of magic mapping {unknown}
 m - 7 scrolls of identify
 n - a scroll of fear
 o - 6 scrolls of remove curse
Potions
 c - a potion of curing
 i - 2 potions of degeneration {unknown}
 j - 2 potions of brilliance
 q - 2 potions of heal wounds {unknown}
 s - 2 potions of attraction {unknown}


   Skills:
 + Level 5.7(10.7) Fighting
 * Level 2.8(7.8) Staves
 * Level 9.6(14.6) Crossbows
 + Level 6.4(11.4) Dodging
 - Level 1.0(6.0) Stealth
 + Level 4.8 Invocations
 + Level 5.2 Evocations


You had 9 spell levels left.
You didn't know any spells.
Your spell library was empty.

Dungeon Overview and Level Annotations

Branches:
Dungeon (8/15)             Temple (1/1) D:4
   Lair: D:8-11

Altars:
Ashenzari
Cheibriados
Dithmenos
Fedhas
Gozag
Hepliaklqana
Makhleb
Nemelex Xobeh
Okawaru
Qazlal
Ru
Sif Muna
Trog
Uskayaw
Vehumet
Wu Jian
Xom
Yredelemnul
Zin
The Shining One

Annotations:
D:6 Grinder


Innate Abilities, Weirdness & Mutations

((You have a beak for a mouth.))
((You have claws for feet.))
You can fly continuously.
(You are partially covered in rugged brown scales. (AC +1, +3% HP))
You possess an exceptional clarity of mind.
Your muscles are strong. (Str +2)


Message History

You closely miss the hornet.
The hornet is severely wounded.
You feel yourself speed up.
The hornet stings you but does no damage.
The hornet stings you.
* * * LOW HITPOINT WARNING * * *
You are poisoned.
You feel yourself slow down.
You feel better. The hornet stings you!
* * * LOW HITPOINT WARNING * * *
You feel as though you will be slow longer.
The hornet stings you.
* * * LOW HITPOINT WARNING * * *
You feel as though you will be slow longer.
The hornet stings you but does no damage.
It was a potion of brilliance.
You feel clever all of a sudden.
The hornet stings you but does no damage.
The hornet stings you.
You die...

### ..#
#..# #..
#.... # #.#
≈.. ....
#.## #.# ..
..#
#....#.# ..
.####
#....#.# .
.#.[#
#......# .#
.#.## .#
#.#######.#
.#W#..#
#..y♣.....#
.#Z...#
#######.###
.##?.## #.#
.†######.#
#.#
..†.)....#
#.#
####.#####
#.# #.#
#########.#
#)#
#..<......#
#.#
#.#########


You could see a hornet.

Vanquished Creatures
  A two-headed ogre (D:8)
  Joseph (D:7)
  Sigmund (D:6)
  Edmund (D:6)
  Duvessa (D:4)
  2 orc warriors
  A sky beast (D:8)
  An ice beast (D:4)
  3 ogres
  A centaur (D:5)
  Blork the orc (D:4)
  A gnoll sergeant (D:4)
  Dowan (D:4)
  2 scorpions
  3 wights
  3 hounds
  A jelly (D:7)
  7 orc wizards
  4 orc priests
  A centaur skeleton (D:7)
  An iguana (D:8)
  3 worker ants
  A hound skeleton (D:4)
  A worker ant zombie (D:5)
  13 gnolls
  6 adders
  An adder skeleton (D:6)
  4 worms
  A dart slug (D:3)
  A leopard gecko (D:2)
  17 orcs
  A ball python (D:1)
  5 bats
  6 giant cockroaches
  6 hobgoblins
  10 jackals
  A quokka (D:1)
  5 frilled lizards
  6 goblins
  A jackal skeleton (D:6)
  6 kobolds
  A leopard gecko zombie (D:6)
  2 quokka skeletons (D:4)
  15 rats
151 creatures vanquished.

Vanquished Creatures (others)
  An orc wizard (D:7)
1 creature vanquished.

Grand Total: 152 creatures vanquished

Notes
Turn   | Place    | Note
-------+----------+-------------------------------------------
     0 | D:1      | trckry the Tengu Hunter began the quest for the Orb.
     0 | D:1      | Reached XP level 1. HP: 12/12 MP: 2/2
   285 | D:1      | Reached XP level 2. HP: 17/17 MP: 3/3
  1108 | D:2      | Reached XP level 3. HP: 21/21 MP: 4/4
  1121 | D:1      | Reached skill level 1 in Invocations
  1308 | D:2      | Reached skill level 1 in Evocations
  1452 | D:2      | Reached XP level 4. HP: 25/27 MP: 5/5
  1530 | D:2      | Found a shadowy altar of Dithmenos.
  1538 | D:2      | Reached skill level 5 in Crossbows
  1943 | D:3      | Gained mutation: You can fly continuously. [Tengu growth]
  1943 | D:3      | Reached XP level 5. HP: 32/32 MP: 5/7
  2313 | D:2      | Reached XP level 6. HP: 34/37 MP: 8/8
  3121 | D:4      | Reached skill level 6 in Crossbows
  3216 | D:4      | Noticed Duvessa
  3220 | D:4      | Noticed Dowan
  3234 | D:4      | Killed Duvessa
  3235 | D:4      | Reached XP level 7. HP: 26/41 MP: 9/9
  3260 | D:4      | Killed Dowan
  3370 | D:4      | Found a staircase to the Ecumenical Temple.
  3374 | D:4      | Noticed Blork the orc
  3384 | D:4      | Killed Blork the orc
  3421 | Temple   | Entered the Ecumenical Temple
  4112 | D:4      | HP: 2/42 [orc warrior/+0 flail (8)]
  4425 | D:3      | Reached skill level 7 in Crossbows
  4781 | D:4      | Reached XP level 8. HP: 37/48 MP: 11/11
  5134 | D:4      | Found an iron altar of Okawaru.
  5142 | D:4      | Became a worshipper of Warmaster Okawaru
  5182 | D:5      | Entered Level 5 of the Dungeon
  5192 | D:5      | Found a glowing golden altar of the Shining One.
  5380 | D:5      | Noticed a moth of wrath
  5383 | D:5      | Found a bloodstained altar of Trog.
  5598 | D:5      | Found a shimmering blue altar of Sif Muna.
  6118 | D:6      | Noticed Edmund
  6142 | D:6      | Killed Edmund
  6142 | D:6      | Reached * piety under Okawaru
  6143 | D:6      | Reached skill level 5 in Dodging
  6426 | D:6      | Reached skill level 8 in Crossbows
  6488 | D:6      | Noticed a -2 dagger
  6492 | D:6      | Found a hide-covered altar of Uskayaw.
  6492 | D:6      | Noticed a +0 hand axe
  6878 | D:6      | Noticed Grinder
  6882 | D:6      | Paralysed by Grinder for 6 turns
  6889 | D:6      | Paralysed by Grinder for 3 turns
  6901 | D:6      | Paralysed by Grinder for 3 turns
  6910 | D:6      | Paralysed by Grinder for 5 turns
  7117 | D:5      | Gained mutation: Your muscles are strong. (Str +2) [potion
                  | of mutation]
  7117 | D:5      | Gained mutation: You possess an exceptional clarity of
                  | mind. [potion of mutation]
  7117 | D:5      | Gained mutation: You are partially covered in rugged brown
                  | scales. (AC +1, +3% HP) [potion of mutation]
  7224 | D:6      | Noticed Sigmund
  7228 | D:6      | Killed Sigmund
  7400 | D:6      | Reached XP level 9. HP: 54/54 MP: 12/12
  7563 | D:7      | Reached skill level 5 in Fighting
  8095 | D:7      | Noticed Joseph
  8488 | D:7      | Killed Joseph
  8489 | D:7      | Reached skill level 9 in Crossbows
  8974 | D:8      | Reached skill level 1 in Staves
  8978 | D:8      | Reached skill level 5 in Evocations
  8979 | D:8      | Noticed a two-headed ogre
  8993 | D:8      | Killed a two-headed ogre
  8993 | D:8      | Reached ** piety under Okawaru
  8994 | D:8      | Reached XP level 10. HP: 45/61 MP: 14/14
  9089 | D:8      | Noticed a cyclops
  9143 | D:8      | HP: 1/61 [hornet (10)]
  9145 | D:8      | Paralysed by a hornet for 1 turns
  9148 | D:8      | HP: 7/91 [hornet (7)]
  9148 | D:8      | HP: 1/91 [hornet (6)]
  9149 | D:8      | Slain by a hornet

Illustrated notes

Levels and vault maps discovered:
D:1:      dpeg_arrival_round_b, layout_loops_corners
D:2:      layout_rooms, nicolae_dithmenos_through_a_glass_darkly
D:3:      layout_rooms
D:4:      layout_loops_ring, lemuel_coloured_pillars_altar,
          minmay_temple_entry_arrows, uniq_duvessa, uniq_blork_the_orc
D:5:      layout_cave_pools, tgw_sif, tgw_trog, serial_column_ruins,
          column_ruins_grid_3, column_ruins_open_small,
          column_ruins_open_medium, minmay_misc_feat_plants, tso_altar
D:6:      cheibrodos_helix_gallery, layout_basic, dancing_weapons_uskayaw,
          uniq_edmund, uniq_sigmund, uniq_grinder
D:7:      layout_loops_ring, kennysheep_generic_room_14, uniq_joseph
D:8:      layout_loops_ring, lemuel_zombie_altar_kikubaaqudgha,
          elyvilon_altar_4, erik_lair_dragon, minmay_puff, uniq_maurice,
          uniq_psyche, uniq_maggie
Temple:   nicolae_temple_elliptical

Skill      XL: |  1  2  3  4  5  6  7  8  9 |
---------------+----------------------------+-----
Invocations    | 1 2 3 4 |  4.8
Evocations     | 1 2 3 4 5 |  5.2
Crossbows      | 5 6 7 8 9 |  9.6
Dodging        | 3 4 5 6 |  6.4
Fighting       | 3 4 5 |  5.7
Staves         | 2 |  2.8
Stealth        | |  1.0

Action                   |  1- 3 |  4- 6 |  7- 9 | 10-12 || total
-------------------------+-------+-------+-------+-------++-------
Melee: Mace              |    56 |   103 |   235 |       ||   394
       Peck              |     4 |    14 |    44 |     1 ||    63
       Kick              |     3 |    36 |    94 |     3 ||   136
       Quarterstaff      |       |       |    21 |    10 ||    31
 Fire: Hand crossbow     |       |     7 |    51 |       ||    58
Throw: Dart              |       |       |     8 |       ||     8
Invok: Heroism           |       |       |       |     1 ||     1
 Abil: Fly               |       |     1 |       |       ||     1
  Use: Scroll            |       |       |     7 |       ||     7
       Potion            |       |       |     3 |     4 ||     7
 Stab: Sleeping          |     2 |       |       |       ||     2
       Invisible         |       |       |     1 |       ||     1
Armor: Leather armour    |     5 |       |       |       ||     5
       Plate armour      |    35 |   110 |   149 |     3 ||   297
       Skin              |       |       |       |     4 ||     4
Dodge: Dodged            |    22 |    32 |   122 |    14 ||   190
